 Dungeon Crawl Stone Soup version 0.31-a0-703-gcfe89afef6 (webtiles) character file.

Game seed: 6197462585368930680

45 Pooter the Chopper (level 3, -11/34 HPs)
             Began as a Minotaur Monk on Sept 9, 2023.
             Shot with an arrow by a centaur (14 damage)
             ... on level 4 of the Dungeon.
             The game lasted 00:04:48 (1205 turns).

Pooter the Chopper (Minotaur Monk)                  Turns: 1205, Time: 00:04:48

Health: -11/34     AC:  2    Str: 17    XL:     3   Next: 42%
Magic:  2/2        EV: 12    Int:  7    God:
Gold:   96         SH:  0    Dex: 12    Spells: 2/2 levels left

rFire   . . .        a - +0 hand axe
rCold   . . .        d - orb {light}
rNeg    . . .        b - +0 robe
rPois   .            (helmet restricted)
rElec   .            (no cloak)
rCorr   .            (no gloves)
SInv    .            (no boots)
Will    .....        (no amulet)
Stlth   +            (no ring)
HPRegen 0.25/turn    (no ring)
MPRegen 0.08/turn

%: no passive effects
@: mighty, about to teleport, glowing
A: horns 2, retaliatory headbutt
a: no special abilities


You were on level 4 of the Dungeon.
You visited 1 branch of the dungeon, and saw 3 of its levels.

You collected 96 gold pieces.

Inventory:

Hand Weapons
 a - a +0 hand axe (weapon)
Missiles
 Q - 10 stones (quivered)
Armour
 b - a +0 robe (worn)
 d - an orb of light (worn)
Scrolls
 g - a scroll of acquirement {unknown}
 i - a scroll of identify {unknown}
 k - a scroll of enchant armour {unknown}
 l - a scroll of revelation {unknown}
 t - 2 scrolls of teleportation {@r4}
Potions
 c - a potion of ambrosia
 e - a potion of heal wounds {unknown}
 f - a potion of degeneration {unknown}


   Skills:
 + Level 4.3 Fighting
 * Level 4.9 Axes
 - Level 3.2 Dodging


You had 2 spell levels left.
You didn't know any spells.
Your spell library was empty.

Dungeon Overview and Level Annotations

Branches:
Dungeon (2/15) Zot: 16789

Altars:


Innate Abilities, Weirdness & Mutations

You have a pair of horns on your head.
You reflexively headbutt those who attack you in melee.


Message History

You now have 87 gold pieces (gained 16).
You open the door.
There is an open door here.
A quokka comes into view.
You hit the quokka.
The quokka bites you but does no damage.
You hit the quokka but do no damage. Your headbutt misses the quokka.
The quokka closely misses you. You furiously retaliate!
You headbutt the quokka.
You kill the quokka!
Found a robe.
Found a leather armour.
Found a stone staircase leading down.
You open the door.
There is an open door here.
You open the door.
There is an open door here.
Found 9 gold pieces.
Found a thick smoking staff and a beast talisman.
You now have 96 gold pieces (gained 9).
Found a faded altar of an unknown god.
You see here a staff of cold.
Found a falchion.
A malevolent force fills the Dungeon...
You fall into a shaft and drop 2 floors!
The shaft crumbles and collapses.
Found a hand axe.
Found a spear.
An endoplasm comes into view.
The endoplasm quivers.
The endoplasm misses you.
You hit the endoplasm.
You kill the endoplasm!
A centaur comes into view.
The centaur shouts!
The centaur wields a +0 orcbow.
The centaur shoots an arrow.
The arrow hits you!
The centaur shoots an arrow.
The arrow hits you!
* * * LOW HITPOINT WARNING * * *
Okay, then.
As you read the scroll of teleportation {@r4}, it crumbles to dust.
You feel strangely unstable.
It was a potion of might.
You feel very mighty all of a sudden.
The centaur shoots an arrow.
The arrow hits you.
* * * LOW HITPOINT WARNING * * *
It was a potion of curing.
You feel better.
The centaur shoots an arrow.
The arrow hits you!
* * * LOW HITPOINT WARNING * * *
The centaur shoots an arrow.
The arrow hits you!
You die...

#.. # #.. ## #.#
.## #.# ..# #..
..# #.##..##c.
#.........
#.######.#
#@.....c.#
#.######## #.#
#.# #.# ##.#
#..### #.##.##
..#####.#...####


You could see a centaur.

Vanquished Creatures
  A gnoll (D:1)
  A dart slug (D:1)
  4 endoplasms
  2 giant cockroaches (D:1)
  3 goblins (D:1)
  A hobgoblin (D:1)
  2 jackals (D:1)
  3 quokkas
  5 ball pythons
  3 bats
  3 frilled lizards (D:1)
  2 kobolds (D:1)
  3 rats (D:1)
33 creatures vanquished.

Notes
Turn   | Place    | Note
-------+----------+-------------------------------------------
     0 | D:1      | Pooter the Minotaur Monk began the quest for the Orb.
     0 | D:1      | Reached XP level 1. HP: 19/19 MP: 0/0
   110 | D:1      | Reached XP level 2. HP: 23/27 MP: 1/1
   484 | D:1      | Reached XP level 3. HP: 18/33 MP: 2/2
  1122 | D:2      | Found a faded altar of an unknown god.
  1125 | D:2      | You fall into a shaft and drop 2 floors!
  1200 | D:4      | Noticed a centaur
  1205 | D:4      | Shot with an arrow by a centaur

Illustrated notes

Levels and vault maps discovered:
D:1:      dpeg_arrival_short_road, layout_loops_ring,
          hangedman_decor_clover_reticule
D:2:      layout_basic, dreamdust_ecumenical_altar_statues
D:4:      layout_loops_corners, hangedman_glass_teeth,
          hangedman_abyss_or_decor_slice, nicolae_the_louvre

Skill      XL: |  1  2 |
---------------+-------+-----
Axes           | 4 |  4.9
Fighting       | 4 |  4.3
Dodging        | |  3.2

Action                     || total
---------------------------++-------
  Melee: Hand axe          ||    62
         Headbutt          ||    11
    Use: Scroll            ||     2
         Potion            ||     2
 Armour: Robe              ||    39
  Dodge: Dodged            ||    28

Table legend: (Time is in decaauts)
 A = Elapsed time spent in this place.
 B = Non-inter-level travel time spent in this place.
 C = Inter-level travel time spent in this place.
 D = Time resting spent in this place.
 E = Time spent auto-exploring this place.
 F = Levels seen in this place.
 G = Mean time per level.
                   A        B        C        D        E       F      G
               +--------+--------+--------+--------+--------+-----+--------+
         Total |   1209 |   1193 |     16 |    165 |    770 |   3 |  403.0 |
       Dungeon |   1209 |   1193 |     16 |    165 |    770 |   3 |  403.0 |
               +--------+--------+--------+--------+--------+-----+--------+

Top non-repeatable levels by time:
     D:1: 923 daAuts
     D:2: 206 daAuts
     D:4: 79 daAuts
